SA
WASHINGTON GENERALS @ BELLEVILLE BULLS
05/09/2042
 
TOP OF THE 1ST
Washington Generals batting - Pitching for Belleville Bulls : LHP Tom Woods
Pitching: LHP Tom Woods
Batting: LHB Armando García 0-0: Called Strike
0-1: Called Strike
0-2: Ball
1-2: Foul Ball, location: 2F
1-2: Ball
2-2: Foul Ball, location: 2F
2-2: Foul Ball, location: 2F
2-2: Ball
3-2: Base on Balls
Batting: RHB Asko Huhtamo 0-0: Ball
1-0: Ball
2-0: Called Strike
2-1: Swinging Strike
2-2: Fielders Choice at 2nd, 4-6 (Groundball, 4, EV 88.1 MPH)
Batting: RHB Kuniyoshi Kodo 0-0: Called Strike
0-1: Swinging Strike
0-2: Foul Ball, location: 2F
0-2: Strikes out swinging
Batting: RHB Valerio Salviati 0-0: Ball
1-0: Ball
2-0: Ball
3-0: Base on Balls
Asko Huhtamo to second
Batting: RHB Augusto Manito 0-0: Ground out 5-3 (Groundball, 56S, EV 88.8 MPH)
Top of the 1st over - 0 runs, 0 hits, 0 errors, 2 left on base; Washington 0 - Belleville 0
BOTTOM OF THE 1ST
Belleville Bulls batting - Pitching for Washington Generals : RHP Augusto Prats
Pitching: RHP Augusto Prats
Batting: SHB Russ King 0-0: Ball
1-0: Called Strike
1-1: Ball
2-1: Fly out, F8 (Flyball, 8RD, EV 105.6 MPH)
Batting: LHB Maikel Nelis 0-0: Ball
1-0: Ball
2-0: Called Strike
2-1: Foul Ball, location: 2F
2-2: Strikes out looking
Batting: SHB Kenny Dixon 0-0: Ball
1-0: Fly out, F7 (Flyball, 78M, EV 88.1 MPH)
Bottom of the 1st over - 0 runs, 0 hits, 0 errors, 0 left on base; Washington 0 - Belleville 0
TOP OF THE 2ND
Washington Generals batting - Pitching for Belleville Bulls : LHP Tom Woods
Batting: RHB Mo Westoby 0-0: Ball
1-0: Called Strike
1-1: Ball
2-1: Swinging Strike
2-2: Foul Ball, location: 2F
2-2: Ball
3-2: Ground out 6-3 (Groundball, 6M, EV 86.9 MPH)
Batting: RHB Roberto Suárez 0-0: Ground out 4-3 (Groundball, 4S, EV 80.6 MPH)
Batting: RHB Iván Coello 0-0: Ball
1-0: Ground out 4-3 (Groundball, 4S, EV 86.2 MPH)
Top of the 2nd over - 0 runs, 0 hits, 0 errors, 0 left on base; Washington 0 - Belleville 0
BOTTOM OF THE 2ND
Belleville Bulls batting - Pitching for Washington Generals : RHP Augusto Prats
Batting: LHB Juan Romero 0-0: Ball
1-0: Called Strike
1-1: Fly out, F3 (Popup, 3SF, EV 74.4 MPH)
Batting: SHB Ed Reese 0-0: Ball
1-0: Ball
2-0: Ball
3-0: Base on Balls
Batting: LHB Román Ramos 0-0: Ball
Ed Reese is caught stealing 2nd base 2-6
1-0: Called Strike
1-1: Foul Ball, location: 2F
1-2: Foul Ball, location: 2F
1-2: Ball
2-2: SOLO HOME RUN (Flyball, 89XD, EV 89.4 MPH), Distance : 403 ft
Batting: SHB Geoffrey Richardson 0-0: Ball
1-0: Called Strike
1-1: Ball
2-1: Foul Ball, location: 2F
2-2: SINGLE (Groundball, 4, EV 85.0 MPH) (infield hit)
Batting: LHB Steve Burnett 0-0: Called Strike
0-1: Called Strike
0-2: Ball
1-2: Foul Ball, location: 2F
1-2: Foul Ball, location: 2F
1-2: Strikes out swinging
Bottom of the 2nd over - 1 run, 2 hits, 0 errors, 1 left on base; Washington 0 - Belleville 1
TOP OF THE 3RD
Washington Generals batting - Pitching for Belleville Bulls : LHP Tom Woods
Batting: LHB Alonso Mendos 0-0: Called Strike
0-1: Ball
1-1: Foul Ball, location: 2F
1-2: SINGLE (Line Drive, 89S, EV 94.4 MPH)
Batting: LHB Armando García 0-0: Called Strike
0-1: Swinging Strike
0-2: Ball
1-2: Strikes out swinging
Batting: RHB Asko Huhtamo 0-0: Swinging Strike
0-1: Ball
1-1: Swinging Strike
1-2: Strikes out swinging
Batting: RHB Kuniyoshi Kodo 0-0: Called Strike
0-1: SINGLE (Groundball, 6MD, EV 99.4 MPH)
Alonso Mendos to second
Batting: RHB Valerio Salviati 0-0: Called Strike
0-1: Swinging Strike
0-2: Ball
1-2: Ball
2-2: Strikes out looking
Top of the 3rd over - 0 runs, 2 hits, 0 errors, 2 left on base; Washington 0 - Belleville 1
BOTTOM OF THE 3RD
Belleville Bulls batting - Pitching for Washington Generals : RHP Augusto Prats
Batting: LHB Abdul-Alim Nadeem 0-0: Called Strike
0-1: Ball
1-1: Swinging Strike
1-2: Ball
2-2: Strikes out swinging
Batting: SHB Russ King 0-0: DOUBLE (Groundball, 5L, EV 94.4 MPH)
Batting: LHB Maikel Nelis 0-0: Ball
1-0: Foul Ball, location: 2F
1-1: Foul Ball, location: 2F
1-2: Ground out U3 (Groundball, 3, EV 98.8 MPH)
Russ King to third
Batting: SHB Kenny Dixon 0-0: SINGLE (Groundball, 4MD, EV 102.5 MPH)
Russ King scores
Batting: LHB Juan Romero 0-0: Ball
1-0: Ball
2-0: Called Strike
2-1: Ball
3-1: Swinging Strike
3-2: Strikes out looking
Bottom of the 3rd over - 1 run, 2 hits, 0 errors, 1 left on base; Washington 0 - Belleville 2
TOP OF THE 4TH
Washington Generals batting - Pitching for Belleville Bulls : LHP Tom Woods
Batting: RHB Augusto Manito 0-0: Called Strike
0-1: Fly out, F8 (Line Drive, 8RD, EV 105.6 MPH)
Batting: RHB Mo Westoby 0-0: Called Strike
0-1: Ball
1-1: Bunted foul
1-2: Fly out, F8 (Line Drive, 8LD, EV 99.4 MPH)
Batting: RHB Roberto Suárez 0-0: Ball
1-0: Called Strike
1-1: Foul Ball, location: 2F
1-2: Strikes out swinging
Top of the 4th over - 0 runs, 0 hits, 0 errors, 0 left on base; Washington 0 - Belleville 2
BOTTOM OF THE 4TH
Belleville Bulls batting - Pitching for Washington Generals : RHP Augusto Prats
Batting: SHB Ed Reese 0-0: Called Strike
0-1: Foul Ball, location: 2F
0-2: Ball
1-2: Ball
2-2: Ball
3-2: Ground out 6-3 (Groundball, 6, EV 83.8 MPH)
Batting: LHB Román Ramos 0-0: Foul Ball, location: 2F
0-1: Called Strike
0-2: Ball
1-2: Ball
2-2: Ball
3-2: Foul Ball, location: 2F
3-2: Foul Ball, location: 2F
3-2: DOUBLE (Line Drive, 3D, EV 102.5 MPH)
Batting: SHB Geoffrey Richardson 0-0: Ball
1-0: Foul Ball, location: 2F
1-1: Ball
2-1: Fly out, F8 (Flyball, 78D, EV 85.0 MPH)
Batting: LHB Steve Burnett 0-0: Ball
1-0: Called Strike
1-1: Foul Ball, location: 2F
1-2: Ball
2-2: TRIPLE (Flyball, 9LD, EV 89.4 MPH)
Román Ramos scores
Batting: LHB Abdul-Alim Nadeem 0-0: Ball
1-0: Called Strike
1-1: Foul Ball, location: 2F
1-2: Strikes out swinging
Bottom of the 4th over - 1 run, 2 hits, 0 errors, 1 left on base; Washington 0 - Belleville 3
TOP OF THE 5TH
Washington Generals batting - Pitching for Belleville Bulls : LHP Tom Woods
Batting: RHB Iván Coello 0-0: Ball
1-0: Ball
2-0: Swinging Strike
2-1: Ball
3-1: Called Strike
3-2: Strikes out swinging
Batting: LHB Alonso Mendos 0-0: Ball
1-0: Fly out, F9 (Flyball, 9, EV 86.9 MPH)
Batting: LHB Armando García 0-0: Called Strike
0-1: Ball
1-1: Ball
2-1: Ground out 1-3 (Groundball, 23, EV 74.4 MPH)
Top of the 5th over - 0 runs, 0 hits, 0 errors, 0 left on base; Washington 0 - Belleville 3
BOTTOM OF THE 5TH
Belleville Bulls batting - Pitching for Washington Generals : RHP Augusto Prats
Batting: SHB Russ King 0-0: Called Strike
0-1: Foul Ball, location: 2F
0-2: Fly out, F7 (Line Drive, 7D, EV 91.2 MPH)
Batting: LHB Maikel Nelis 0-0: Called Strike
0-1: Foul Ball, location: 2F
0-2: Ball
1-2: Foul Ball, location: 2F
1-2: Ball
2-2: Ball
3-2: Ground out U3 (Groundball, 3, EV 80.0 MPH)
Batting: SHB Kenny Dixon 0-0: Ball
1-0: Ball
2-0: Swinging Strike
2-1: Ball
3-1: DOUBLE (Line Drive, 5D, EV 94.4 MPH)
Batting: LHB Juan Romero 0-0: Swinging Strike
0-1: Called Strike
0-2: Foul Ball, location: 2F
0-2: Ball
1-2: Fly out, F8 (Flyball, 8LD, EV 83.8 MPH)
Bottom of the 5th over - 0 runs, 1 hit, 0 errors, 1 left on base; Washington 0 - Belleville 3
TOP OF THE 6TH
Washington Generals batting - Pitching for Belleville Bulls : LHP Tom Woods
Batting: RHB Asko Huhtamo 0-0: Called Strike
0-1: Swinging Strike
0-2: Ball
1-2: Foul Ball, location: 2F
1-2: Strikes out swinging
Batting: RHB Kuniyoshi Kodo 0-0: Ball
1-0: Swinging Strike
1-1: Ball
2-1: Foul Ball, location: 2F
2-2: Fly out, F8 (Line Drive, 8RD, EV 107.5 MPH)
Batting: RHB Valerio Salviati 0-0: Ball
1-0: Ground out 6-3 (Groundball, 6, EV 86.2 MPH)
Top of the 6th over - 0 runs, 0 hits, 0 errors, 0 left on base; Washington 0 - Belleville 3
BOTTOM OF THE 6TH
Belleville Bulls batting - Pitching for Washington Generals : RHP Augusto Prats
Pitching: LHP Sung-tae O
Batting: SHB Ed Reese 0-0: Called Strike
0-1: SINGLE (Line Drive, 56D, EV 98.8 MPH)
Batting: LHB Román Ramos 0-0: Ball
1-0: Foul Ball, location: 2F
1-1: Called Strike
1-2: Ball
2-2: SINGLE (Line Drive, 7LM, EV 90.0 MPH)
Ed Reese to second
Batting: SHB Geoffrey Richardson 0-0: Sac Bunt to 13S - play at first, batter OUT! 1-3
Ed Reese to third
Román Ramos to second
Batting: LHB Steve Burnett 0-0: Ball
1-0: Ball
2-0: Called Strike
2-1: Foul Ball, location: 2F
2-2: Ground out 4-3 (Groundball, 34D, EV 97.5 MPH)
Ed Reese scores
Román Ramos to third
Batting: LHB Abdul-Alim Nadeem 0-0: Ball
1-0: Called Strike
1-1: Ball
2-1: SINGLE (Groundball, 6D, EV 101.9 MPH)
Román Ramos scores
Batting: SHB Russ King 0-0: Ground out U3 (Groundball, 34S, EV 88.1 MPH)
Bottom of the 6th over - 2 runs, 3 hits, 0 errors, 1 left on base; Washington 0 - Belleville 5
TOP OF THE 7TH
Washington Generals batting - Pitching for Belleville Bulls : LHP Tom Woods
Batting: RHB Augusto Manito 0-0: Ball
1-0: Ball
2-0: Ball
3-0: Foul Ball, location: 2F
3-1: Ground out 6-3 (Groundball, 6, EV 78.8 MPH)
Batting: RHB Mo Westoby 0-0: Foul Ball, location: 2F
0-1: Called Strike
0-2: Ball
1-2: Foul Ball, location: 2F
1-2: Ball
2-2: Strikes out swinging
Batting: RHB Roberto Suárez 0-0: Foul Ball, location: 2F
0-1: Fly out, F6 (Flyball, 5D, EV 95.0 MPH)
Top of the 7th over - 0 runs, 0 hits, 0 errors, 0 left on base; Washington 0 - Belleville 5
BOTTOM OF THE 7TH
Belleville Bulls batting - Pitching for Washington Generals : LHP Sung-tae O
Batting: LHB Maikel Nelis 0-0: DOUBLE (Flyball, 8LXD, EV 107.5 MPH)
Batting: SHB Kenny Dixon 0-0: Called Strike
0-1: Ball
1-1: Called Strike
1-2: Foul Ball, location: 2F
1-2: Strikes out swinging
Batting: LHB Juan Romero 0-0: Called Strike
0-1: Ball
1-1: Swinging Strike
1-2: Foul Ball, location: 2F
1-2: Foul Ball, location: 2F
1-2: Foul Ball, location: 2F
1-2: Fly out, F6 (Popup, 6M, EV 76.2 MPH)
Batting: SHB Ed Reese 0-0: Ball
1-0: Foul Ball, location: 2F
1-1: Ball
2-1: SINGLE (Groundball, 4MD, EV 98.8 MPH)
Maikel Nelis to third
Runner from 3rd tries for Home, SAFE, no throw by CF
Batting: LHB Román Ramos 0-0: Hit by Pitch
Ed Reese to second
Pitching: RHP Chet Clifton
Batting: SHB Geoffrey Richardson 0-0: Ball
1-0: Ball
2-0: Foul Ball, location: 2F
2-1: Foul Ball, location: 2F
2-2: Ball
3-2: Base on Balls
Ed Reese to third
Román Ramos to second
Batting: LHB Steve Burnett 0-0: Called Strike
0-1: Swinging Strike
0-2: Ball
1-2: Ball
2-2: Ball
3-2: Strikes out swinging
Bottom of the 7th over - 1 run, 2 hits, 0 errors, 3 left on base; Washington 0 - Belleville 6
TOP OF THE 8TH
Washington Generals batting - Pitching for Belleville Bulls : LHP Tom Woods
Batting: RHB Iván Coello 0-0: Fly out, F9 (Flyball, 9, EV 83.8 MPH)
Batting: LHB Alonso Mendos 0-0: Swinging Strike
0-1: Ball
1-1: Ball
2-1: Foul Ball, location: 2F
2-2: Strikes out swinging, 2-3 out at first.
Batting: LHB Armando García 0-0: Foul Ball, location: 2F
0-1: Ball
1-1: Foul Ball, location: 2F
1-2: SINGLE (Groundball, 4MD, EV 97.5 MPH)
Batting: RHB Asko Huhtamo 0-0: Ground out 4-3 (Groundball, 4, EV 79.4 MPH)
Top of the 8th over - 0 runs, 1 hit, 0 errors, 1 left on base; Washington 0 - Belleville 6
BOTTOM OF THE 8TH
Belleville Bulls batting - Pitching for Washington Generals : RHP Chet Clifton
Batting: LHB Abdul-Alim Nadeem 0-0: Foul Ball, location: 2F
0-1: Ball
1-1: Fly out, F5 (Line Drive, 5, EV 66.2 MPH)
Batting: SHB Russ King 0-0: Swinging Strike
0-1: Foul Ball, location: 2F
0-2: Ball
1-2: Ball
2-2: Ball
3-2: Base on Balls
Batting: LHB Maikel Nelis 0-0: Ball
1-0: Foul Ball, location: 2F
1-1: Called Strike
1-2: Strikes out swinging
Batting: SHB Kenny Dixon 0-0: Ball
1-0: Foul Ball, location: 2F
1-1: Called Strike
1-2: Ball
2-2: Ground out 2-3 (Groundball, 2L, EV 75.0 MPH)
Bottom of the 8th over - 0 runs, 0 hits, 0 errors, 1 left on base; Washington 0 - Belleville 6
TOP OF THE 9TH
Washington Generals batting - Pitching for Belleville Bulls : LHP Tom Woods
Batting: RHB Kuniyoshi Kodo 0-0: Ball
1-0: Swinging Strike
1-1: Called Strike
1-2: Ball
2-2: Ball
3-2: Strikes out swinging
Pitching: RHP Colby Graham
Batting: RHB Valerio Salviati 0-0: Ball
1-0: Called Strike
1-1: Foul Ball, location: 2F
1-2: Strikes out swinging, 2-3 out at first.
Batting: RHB Augusto Manito 0-0: Ball
1-0: Ball
2-0: Swinging Strike
2-1: Foul Ball, location: 2F
2-2: Ball
3-2: Strikes out looking
Top of the 9th over - 0 runs, 0 hits, 0 errors, 0 left on base; Washington 0 - Belleville 6
Friday, March 26th, 2021 - OOTP Baseball 20.8 Build 74